 Dungeon Crawl Stone Soup version 0.26-a0-597-gb535b0901c (webtiles) character file.

Game seed: 15779494220544682481

21 Lanoc the Slasher (level 2, -6/28 HPs)
             Began as a Naga Berserker on Sept 1, 2020.
             Was a Follower of Trog.
             Killed by divine providence
             ... invoked by an orc priest
              (12 damage)
             ... on level 3 of the Dungeon.
             The game lasted 00:00:45 (708 turns).

Lanoc the Slasher (Naga Berserker)                   Turns: 708, Time: 00:00:46

Health: -6/28      AC:  1    Str: 25    XL:     2   Next: 83%
Magic:  2/2        EV: 10    Int:  7    God:    Trog [*.....]
Gold:   48         SH:  0    Dex: 10    Spells: 1/1 levels left

rFire    . . .     SeeInvis +   a - +0 falchion
rCold    . . .     Faith    .   (no shield)
rNeg     . . .     Spirit   .   b - +0 animal skin
rPois    +         Reflect  .   (no helmet)
rElec    .         Harm     .   (no cloak)
rCorr    .                      (no gloves)
MR       .....                  (no barding)
Stlth    +.........             (no amulet)
HPRegen  0.09/turn              c - +6 ring of strength
MPRegen  0.08/turn              (no ring)

@: berserk cooldown, slowed, very slow
A: large, see invisible, deformed body, poison resistance, slowness 2, spit
poison 1, AC +0
a: Spit Poison, Berserk, Renounce Religion


You were on level 3 of the Dungeon.
You worshipped Trog.
Trog was aware of your devotion.
You visited 1 branch of the dungeon, and saw 3 of its levels.

You collected 48 gold pieces.

Inventory:

Hand Weapons
 a - a +0 falchion (weapon)
Armour
 b - a +0 animal skin (worn)
Jewellery
 c - a +6 ring of strength (left hand)
Wands
 i - a wand of iceblast (6)
Scrolls
 e - 2 scrolls of identify {unknown}
 g - a scroll of noise {unknown}
 j - a scroll of enchant armour {unknown}
 k - a scroll of blinking {unknown}
Potions
 d - a potion of brilliance {unknown}
 f - a potion of flight {unknown}
 h - a potion of degeneration {unknown}


   Skills:
 + Level 3.2 Fighting
 * Level 3.4 Long Blades
 + Level 1.8 Armour
 + Level 1.8 Dodging


You had one spell level left.
You didn't know any spells.
Your spell library was empty.

Dungeon Overview and Level Annotations

Branches:
Dungeon (3/15)

Altars:


Innate Abilities, Weirdness & Mutations

You cannot wear boots.
Your serpentine skin is tough. (AC +0)
You have supernaturally acute eyesight. (SInv)
Armour fits poorly on your strangely shaped body.
Your system is resistant to poisons. (rPois)
You cover ground very slowly.
You can spit poison.


Message History

An orc priest comes into view. It is wielding a +0 whip.
You closely miss the orc.
The orc is lightly wounded.
The orc priest shouts!
The orc hits you from afar with a +0 trident!
The orc hits you with a +0 dagger. The orc hits you with a +0 falchion.
You are too injured to fight recklessly!
You are too injured to fight recklessly!
The orc hits you with a +0 dagger.
* * * LOW HITPOINT WARNING * * *
You feel a strong urge to attack something.
You feel your anger nearly subside.
You are no longer berserk.
Trog's vigour flows through your veins.
You are exhausted.
You feel yourself slow down.
The orc priest calls upon Beogh to heal the orc.
The orc's wounds heal themselves!
The orc priest invokes the aid of Beogh against you.
Beogh smites you!
You die...

############
#..........#
#.......##.#
#........#.# #.......#
#........#.# #.......#
#........#.# #.......#
#.####..<#.# #.......#
#.######@#.# #.......#
#.......o#.#####.......#
########...............#
#oo..............#
#oo#...........####
#..............)...
#o######.######)### .o.
#.# #.# .o... #.# #.#


You could see an orc priest and 6 orcs.

Vanquished Creatures
  An adder (D:3)
  4 bats
  2 goblins
  A hobgoblin (D:1)
  2 quokkas
  A kobold (D:3)
  A rat (D:2)
12 creatures vanquished.

Notes
Turn   | Place    | Note
-------+----------+-------------------------------------------
     0 | D:1      | Lanoc the Naga Berserker began the quest for the Orb.
     0 | D:1      | Reached XP level 1. HP: 21/21 MP: 1/1
   199 | D:2      | Reached XP level 2. HP: 22/28 MP: 2/2
   708 | D:3      | Killed from afar by an orc priest

Illustrated notes

Levels and vault maps discovered:
D:1:      lemuel_arrival_lava_pool, layout_basic, minmay_quantized
D:2:      layout_basic, uniq_jessica, uniq_natasha, uniq_sigmund
D:3:      layout_basic, uniq_terence

Action                   || total
-------------------------++-------
Melee: Falchion          ||    30
Invok: Berserk           ||     1
 Abil: Spit Poison       ||     2
Armor: Animal skin       ||     6
Dodge: Dodged            ||    27
       Rpst.: Falchion   ||    12

Table legend: (Time is in decaauts)
 A = Elapsed time spent in this place.
 B = Non-inter-level travel time spent in this place.
 C = Inter-level travel time spent in this place.
 D = Time resting spent in this place.
 E = Time spent auto-exploring this place.
 F = Levels seen in this place.
 G = Mean time per level.
                   A        B        C        D        E       F      G
               +--------+--------+--------+--------+--------+-----+--------+
         Total |    873 |    820 |     53 |      0 |    719 |   3 |  291.0 |
       Dungeon |    873 |    820 |     53 |      0 |    719 |   3 |  291.0 |
               +--------+--------+--------+--------+--------+-----+--------+

Top non-repeatable levels by time:
     D:3: 433 daAuts
     D:2: 227 daAuts
     D:1: 211 daAuts
